 Dungeon Crawl Stone Soup version 0.31.0-11-ge490571c62 (webtiles) character file.

Game seed: 8680394110481077793

2050617 oldriver the Archmage (level 26, 183/183 HPs)
             Began as a Deep Elf Fire Elementalist on Jan 28, 2024.
             Was the Champion of Vehumet.
             Escaped with the Orb
             ... and 4 runes on Jan 29, 2024!
             The game lasted 03:38:59 (86231 turns).

oldriver the Archmage (Deep Elf Fire Elementalist) Turns: 86231, Time: 03:39:00

Health: 183/183    AC: 24    Str: 11    XL:     26   Next: 73%
Magic:  41/56      EV: 27    Int: 33    God:    Vehumet [******]
Gold:   6503       SH:  7    Dex: 23    Spells: 29/79 levels left

rFire   + + +        V - +6 mace of Eternal Vigilance {flame, rPois rN++ Str+3 Stlth+}
rCold   + + +        u - +1 buckler {AC+3}
rNeg    + + +        z - +2 acid dragon scales
rPois   +            Q - +0 helmet of Vynes {rElec rC++ Regen+}
rElec   +            W - +0 cloak of Muttered Phrases {rC+ Regen+}
rCorr   +            A - +3 pair of gloves of Limitation {*Corrode rF+++ Will+ Dex+5}
SInv    +            s - +2 pair of boots {rampage}
Will    +++..        c - amulet of magic regeneration
Stlth   ++           d - ring of Due Proportion {Fire Dex+4}
HPRegen 2.10/turn    E - ring of Zaefrios {rC+ rN+ Str+3 Dex+3 SInv}
MPRegen 0.75/turn

%: corrode self (3%), rampage
@: studying 3 skills
A: clumsy 2, mutation resistance 1
0: Orb of Zot
}: 4/15 runes: decaying, serpentine, slimy, silver
a: Renounce Religion


You escaped.
You worshipped Vehumet.
Vehumet was exalted by your worship.
You visited 12 branches of the dungeon, and saw 54 of its levels.
You also visited: Bailey and Desolation.

You collected 9516 gold pieces.
You spent 3013 gold pieces at shops.

Inventory:

Hand Weapons
 V - the +6 mace of Eternal Vigilance (weapon) {flame, rPois rN++ Str+3 Stlth+}
   (You bought it in a shop on level 2 of the Orcish Mines)

   Str+3:     It affects your strength (+3).
   rPois:     It protects you from poison rN++: It greatly protects you from
   negative energy.
   Stlth+:    It makes you more stealthy.
Missiles
 q - 21 silver javelins
Armour
 s - a +2 pair of boots of rampaging (worn)
 u - a +1 buckler of protection (worn)
 z - +2 acid dragon scales (worn)
 A - the +3 pair of gloves of Limitation (worn) {*Corrode rF+++ Will+ Dex+5}
   (You bought it in a shop on level 3 of the Snake Pit)

   Dex+5:     It affects your dexterity (+5).
   rF+++:     It renders you almost immune to fire.
   Will+:     It increases your willpower.
   *Corrode:  It may corrode you when you take damage.
 Q - the +0 helmet of Vynes (worn) {rElec rC++ Regen+}
   (You found it on level 3 of the Crypt)

   rC++:      It greatly protects you from cold.
   rElec:     It insulates you from electricity.
   Regen+:    It increases your rate of health regeneration.
 W - the +0 cloak of Muttered Phrases (worn) {rC+ Regen+}
   (You found it on level 12 of the Dungeon)

   rC+:       It protects you from cold.
   Regen+:    It increases your rate of health regeneration.
Jewellery
 c - an amulet of magic regeneration (around neck)
 d - the ring of Due Proportion (left hand) {Fire Dex+4}
   (You found it on level 5 of the Lair of Beasts)

   [ring of fire]

   Fire:      It enhances your fire magic.
   Dex+4:     It affects your dexterity (+4).
   rF+:       It protects you from fire.
   rC-:       It makes you vulnerable to cold.
 y - a ring of protection from cold
 E - the ring of Zaefrios (right hand) {rC+ rN+ Str+3 Dex+3 SInv}
   (You found it on level 3 of the Crypt)

   [ring of positive energy]

   Str+3:     It affects your strength (+3).
   Dex+3:     It affects your dexterity (+3).
   rC+:       It protects you from cold.
   rN+:       It protects you from negative energy.
   SInv:      It lets you see invisible.
 O - an amulet of guardian spirit
Wands
 v - a wand of roots (55)
 F - a wand of mindburst (27)
 I - a wand of light (41)
 L - a wand of digging (23)
 T - a wand of polymorph (8)
Scrolls
 a - a scroll of vulnerability
 e - 15 scrolls of teleportation
 h - 2 scrolls of torment
 n - a scroll of silence
 r - a scroll of enchant weapon
 t - a scroll of immolation
 G - 3 scrolls of blinking
 H - 8 scrolls of fog
 K - 9 scrolls of fear
 M - a scroll of revelation
 N - 6 scrolls of poison
 R - 2 scrolls of butterflies
 U - 3 scrolls of amnesia
Potions
 b - 5 potions of magic
 f - 9 potions of brilliance
 g - 13 potions of heal wounds
 i - 13 potions of mutation
 l - 4 potions of cancellation
 m - a potion of berserk rage
 o - 5 potions of haste
 p - 2 potions of ambrosia
 x - 6 potions of resistance
 B - 23 potions of curing
 C - 4 potions of might
 J - 10 potions of enlightenment
 S - 3 potions of invisibility
Miscellaneous
 j - a phantom mirror
 k - a tin of tremorstones (2/2)
 w - a lightning rod (4/4)
 D - a sack of spiders


   Skills:
 + Level 23.4 Fighting
 - Level 10.0 Armour
 - Level 20.0 Dodging
 - Level 10.0 Stealth
 - Level 5.0 Shields
 O Level 27 Spellcasting
 - Level 22.0 Conjurations
 - Level 4.0 Translocations
 - Level 22.0 Fire Magic
 - Level 4.0 Earth Magic


You had 29 spell levels left.
You knew the following spells:

 Your Spells              Type           Power      Damage    Failure   Level
a - Stone Arrow           Conj/Erth      100%       3d13      0%          3
b - Bombard               Conj/Erth      46%        9d8       1%          6
e - Scorch                Fire           100%       2d9       0%          2
f - Fireball              Conj/Fire      68%        3d26      0%          5
i - Ignition              Fire           68%        3d18      1%          8
o - Orb of Destruction    Conj           56%        9d14      1%          7
p - Fire Storm            Conj/Fire      68%        8d17      3%          9
x - Starburst             Conj/Fire      68%        6d18      0%          6
z - Iskenderun's Mystic   Conj/Tloc      92%        2d18      1%          4

Your spell library contained the following spells:

 Spells                   Type           Power      Damage    Failure   Level
 Lehudib's Crystal Spear  Conj/Erth      46%        10d11     9%          8
 Polar Vortex             Ice            22%        12d2*     100%        9
 Foxfire                  Conj/Fire      100%       2x1d9     0%          1
 Kiss of Death            Conj/Necr      100%       2d13      0%          1
 Magic Dart               Conj           100%       1d8       0%          1
 Shock                    Conj/Air       100%       1d9       0%          1
 Sting                    Conj/Alch      100%       1d9       0%          1
 Searing Ray              Conj           100%       2d8       0%          2
 Volatile Blastmotes      Fire/Tloc      100%       2d18      0%          3
 Flame Wave               Conj/Fire      100%       2d21      0%          4
 Iskenderun's Battlesphe  Conj           100%       2d15      0%          5
 Apportation              Tloc           100%       N/A       1%          1
 Freeze                   Ice            100%       1d10      1%          1
 Necrotise                Necr           100%       1d9       1%          1
 Summon Small Mammal      Summ           100%       N/A       1%          1
 Blink                    Tloc           100%       N/A       1%          2
 Call Imp                 Summ           88%        N/A       1%          2
 Ensorcelled Hibernation  Hex/Ice        88%        N/A       1%          2
 Jinxbite                 Hex            88%        N/A       1%          2
 Lesser Beckoning         Tloc           100%       N/A       1%          2
 Mercury Vapours          Alch/Air       88%        N/A       1%          2
 Sublimation of Blood     Necr           44%        N/A       1%          2
 Dazzling Flash           Conj/Hex       100%       N/A       1%          3
 Gell's Gravitas          Tloc           63%        N/A       1%          3
 Hailstorm                Conj/Ice       87%        3d14      1%          3
 Inner Flame              Hex/Fire       100%       N/A       1%          3
 Mephitic Cloud           Conj/Alch/Air  75%        N/A       1%          3
 Passwall                 Erth           63%        N/A       1%          3
 Teleport Other           Tloc           63%        N/A       1%          3
 Brom's Barrelling Bould  Conj/Erth      92%        2d10      1%          4
 Fulminant Prism          Conj/Alch      43%        3d19      1%          4
 Manifold Assault         Tloc           63%        N/A       1%          4
 Passage of Golubria      Tloc           63%        N/A       1%          4
 Summon Blazeheart Golem  Fire/Summ      100%       N/A       1%          4
 Arcjolt                  Conj/Air       43%        1d53      1%          5
 Freezing Cloud           Conj/Ice/Air   37%        6-21      1%          5
 Irradiate                Conj/Alch      43%        3d26      1%          5
 Lee's Rapid Deconstruct  Erth           31%        3d16*     1%          5
 Conjure Ball Lightning   Conj/Air       43%        3x3d15    1%          6
 Plasma Beam              Fire/Air       54%        2x1d69    1%          6
 Call Canine Familiar     Summ           44%        N/A       2%          3
 Confusing Touch          Hex            44%        N/A       2%          3
 Fugue of the Fallen      Necr           44%        N/A       2%          3
 Summon Ice Beast         Ice/Summ       44%        N/A       2%          3
 Swiftness                Air            44%        N/A       2%          3
 Tukima's Dance           Hex            44%        N/A       2%          3
 Airstrike                Air            22%        2d(4-20)  2%          4
 Olgreb's Toxic Radiance  Alch           44%        N/A       2%          4
 Spellforged Servitor     Conj/Summ      43%        N/A       2%          7
 Leda's Liquefaction      Alch/Erth      27%        N/A       4%          4
 Petrify                  Alch/Erth      55%        N/A       4%          4
 Vhi's Electric Charge    Tloc/Air       100%       N/A       4%          4
 Yara's Violent Unravell  Hex/Alch       22%        3d10      7%          5
 Anguish                  Hex/Necr       22%        N/A       10%         4
 Dispel Undead            Necr           44%        3d17      10%         4
 Martyr's Knell           Necr/Summ      44%        N/A       10%         4
 Summon Lightning Spire   Summ/Air       44%        N/A       10%         4
 Borgnjor's Vile Clutch   Necr/Erth      27%        N/A       12%         5
 Summon Forest            Summ/Tloc      27%        N/A       12%         5
 Alistair's Intoxication  Alch           29%        N/A       26%         5
 Summon Mana Viper        Hex/Summ       44%        N/A       26%         5
 Dispersal                Tloc           31%        N/A       28%         6
 Eringya's Noxious Bog    Alch           22%        4d6       34%         6
 Sculpt Simulacrum        Ice/Alch       22%        N/A       82%         6
 Ozocubu's Refrigeration  Ice            22%        4d12      86%         7
 Chain Lightning          Conj/Air       43%        3d58      92%         9
 Malign Gateway           Summ/Tloc      27%        N/A       98%         7
 Enfeeble                 Hex            22%        N/A       100%        7
 Haunt                    Necr/Summ      22%        N/A       100%        7
 Monstrous Menagerie      Summ           22%        N/A       100%        7
 Summon Hydra             Summ           22%        N/A       100%        7
 Borgnjor's Revivificati  Necr           22%        N/A       100%        8
 Discord                  Hex            22%        N/A       100%        8
 Disjunction              Tloc           31%        N/A       100%        8
 Infestation              Necr           22%        N/A       100%        8
 Maxwell's Capacitive Co  Air            22%        ∞         100%        8
 Summon Horrible Things   Summ           22%        N/A       100%        8
 Death's Door             Necr           22%        N/A       100%        9


Dungeon Overview and Level Annotations

Branches:
Dungeon (15/15)            Temple (1/1) D:6            Lair (5/5) D:9
  Swamp (4/4) Lair:3        Snake (4/4) Lair:3        Slime (5/5) Lair:4
    Orc (2/2) D:11            Elf (1/3) Orc:2        Vaults (5/5) D:13
  Crypt (3/3) Vaults:2       Tomb (0/3) Crypt:3      Depths (4/4) D:15
    Zot (5/5) Depths:4     Bailey (visited)         Desolation (visited)

Altars:
Ashenzari
Cheibriados
Dithmenos
Elyvilon
Fedhas
Gozag
Hepliaklqana
Kikubaaqudgha
Makhleb
Nemelex Xobeh
Okawaru
Qazlal
Ru
Sif Muna
Trog
Uskayaw
Vehumet
Wu Jian
Xom
Yredelemnul
Zin
The Shining One
Jiyva

Shops:
D:4 (?[*   Orc:2 (*=(   Snake:1 =*=   Snake:3 :[?[*   Vaults:2 :
Depths:1 :[:(   Depths:4 [

Portals:
Hell: Depths:1 Depths:2 Depths:3 Depths:4
Abyss: Depths:2 Depths:3 Depths:4
Pandemonium: Depths:2 Depths:3 Depths:4
Ziggurat: Depths:1
Trove: D:13 (show abyssal rune of Zot)

Annotations:
D:9 3 runed translucent doors
Elf:1 2 transporters, Lightli's ghost, journeyman DgSh


Innate Abilities, Weirdness & Mutations

You are very clumsy. (Dex -4)
You are somewhat resistant to further mutation.


Message History

Aim: a Hell Sentinel (heavily wounded, 98% to hit)
The iron shot hits the Hell Sentinel!!
The Hell Sentinel is heavily wounded.
The blast sends you backwards.
Casting: Bombard (mildly dangerous; 1% risk of failure)
Confirm with . or Enter, or press ? or * to list all spells.
Aiming: Bombard (mildly dangerous; 1% risk of failure)
Press: ? - help, Shift-Dir - straight line, f/p - Hell Sentinel
Aim: a Hell Sentinel (heavily wounded, 98% to hit)
The iron shot hits the Hell Sentinel!!
The Hell Sentinel is almost dead.
The Hell Sentinel gestures at you.
The sphere of damnation explodes!
The damnation engulfs you!!!
You hear a shout!
Casting: Bombard (mildly dangerous; 1% risk of failure)
Confirm with . or Enter, or press ? or * to list all spells.
Aiming: Bombard (mildly dangerous; 1% risk of failure)
Press: ? - help, Shift-Dir - straight line, f/p - Hell Sentinel
Aim: a Hell Sentinel (almost dead, 98% to hit)
The iron shot hits the Hell Sentinel!!
The Hell Sentinel is almost dead.
The blast sends you backwards.
Unknown command.
Casting: Bombard (mildly dangerous; 1% risk of failure)
Confirm with . or Enter, or press ? or * to list all spells.
Aiming: Bombard (mildly dangerous; 1% risk of failure)
Press: ? - help, Shift-Dir - straight line, f/p - Hell Sentinel
Aim: a Hell Sentinel (almost dead, 98% to hit)
The iron shot hits the Hell Sentinel!!
You kill the Hell Sentinel!
Vehumet accepts your kill.
You feel your power returning.
The octopode shouts!
The spriggan shouts!
The minotaur bellows!
The human shouts!
The armataur shouts!
There is an open door here.
There is a staircase leading out of the dungeon here.
You have escaped!

##### #.@.# #...#
### ### ###'#####.#
#.###### #m#.#d#...#
#.......
###.###.#.###.######
#h#.#V#.#.#.........
###.###.#.#.#.#####.
#K#.#H#.#...#.......
######
###.###...........##


There were no monsters in sight!

Vanquished Creatures
  the Royal Jelly (Slime:5)
  6 orbs of fire
  3 ancient liches
  A juggernaut (Depths:2)
  Vv (Zot:2)
  3 Killer Klowns
  Saint Roka (Depths:1)
  3 curse toes
  6 caustic shrikes
  A profane servitor (Crypt:3)
  10 golden dragons
  Jory (Vaults:2)
  Norris (Depths:1)
  3 electric golems
  4 bone dragons
  3 doom hounds (Zot:3)
  17 tentacled monstrosities
  A Hell Sentinel (D:1)
  An Ice Fiend (D:10)
  Rupert (Lair:5)
  A walking earthen tome (Depths:3)
  Zenata (Elf:1)
  2 walking crystal tomes (Depths:3)
  3 liches
  A shard shrike skeleton (Crypt:1)
  27 Orb Guardians
  3 walking frostbound tomes
  9 titans
  Grunn (Zot:3)
  13 acid blobs
  9 ancient champions
  8 quicksilver dragons
  6 tengu reavers
  15 death cobs
  Donald (Swamp:4)
  19 storm dragons
  9 shadow dragons
  4 revenants
  A daeva (Depths:2)
  4 draconian monks
  3 nagarajas
  A demonspawn warmonger (D:10)
  A fenstrider witch (Swamp:2)
  7 draconian knights
  5 vault wardens
  2 protean progenitors (Zot:5)
  9 fire giants
  13 azure jellies
  13 rockslimes
  5 draconian shifters
  2 iron dragons (Depths:2)
  17 frost giants
  5 orc warlords
  4 imperial myrmidons (Desolation)
  A deep elf elementalist (Elf:1)
  A spectral caustic shrike (Crypt:3)
  2 ghost moths
  A draconian scorcher (Depths:4)
  3 curse skulls
  3 ghouls
  2 draconian stormcallers
  17 very ugly things
  7 draconian annihilators
  A spriggan defender (Depths:3)
  10 quicksilver oozes
  A cacodemon (Depths:4)
  2 caustic shrike skeletons
  8 ironbound thunderhulks
  9 ironbound preservers
  11 green draconians
  7 formless jellyfish
  25 stone giants
  3 deep elf death magi
  2 deep elf demonologists
  4 juggernaut skeletons
  A reaper (D:10)
  18 yellow draconians
  9 vampire knights
  5 black draconians
  6 eleionomae
  2 war gargoyles
  9 white draconians
  2 halazid warlocks (Desolation)
  4 bunyips
  8 red draconians
  7 purple draconians
  Azrael (D:14)
  8 dire elephants
  5 spark wasps
  A blizzard demon (Depths:4)
  3 eidola
  Snorg (Lair:3)
  3 crystal guardians
  13 yaktaur captains
  13 jiangshi (Crypt:3)
  7 fire dragons
  16 ettins
  10 ice dragons
  2 shambling mangroves
  8 ragged hierophants (Desolation)
  2 rakshasas
  2 entropy weavers
  3 quicksilver dragon skeletons
  2 pearl dragon skeletons (Crypt:1)
  27 vault guards
  11 salamander tyrants
  3 spriggan air magi
  7 servants of whispers (Desolation)
  5 deep elf high priests
  16 hydras
  3 ogre magi
  14 alligators
  12 peacekeepers
  8 great orbs of eyes
  A fenstrider witch zombie (Crypt:2)
  3 ghost crabs
  3 catoblepae
  10 anacondas
  9 centaur warriors
  6 ironbound frosthearts
  A fenstrider witch skeleton (Crypt:1)
  15 two-headed ogres
  A dancing weapon (Elf:1)
  5 death knights
  A spriggan skeleton (Crypt:3)
  13 boulder beetles
  7 tengu warriors
  2 vampire magi (Crypt:1)
  9 naga warriors
  7 deep troll shamans
  6 orc high priests
  4 spriggan berserkers
  3 occultists
  10 naga sharpshooters
  8 deep troll earth magi
  Urug (Orc:1)
  A titan zombie (Depths:2)
  2 shock serpents
  2 soul eaters
  5 death yaks (Lair:4)
  4 deep elf knights (Elf:1)
  A shock serpent (shapeshifter) (Depths:4)
  A hell knight (D:15)
  37 skeletal warriors
  3 sixfirhies
  6 spriggans
  An iron giant zombie (Crypt:1)
  5 flayed ghosts
  5 goliath frogs
  5 skysharks
  A storm dragon skeleton (Crypt:1)
  7 iron trolls
  2 shadow wraiths
  4 salamander mystics
  7 sea snakes
  42 deep trolls
  2 spriggan druids
  A deep troll (shapeshifter) (Vaults:4)
  A deep elf archer (Elf:1)
  12 mana vipers
  A death drake (Swamp:3)
  3 glowing orange brains
  3 large abominations (Crypt:3)
  6 naga ritualists
  6 bog bodies
  2 swamp dragons
  A shadow demon (Zot:1)
  9 arcanists
  A spectral alligator (Swamp:4)
  13 ironbound convokers
  3 spectral hydras (Swamp:4)
  6 lindwurms
  16 orc knights
  9 deep elf pyromancers
  11 deep elf zephyrmancers (Elf:1)
  3 shining eyes
  Pikel (D:5)
  16 phantasmal warriors
  A golden dragon skeleton (Crypt:1)
  A broodmother zombie (Crypt:2)
  A spriggan simulacrum (Crypt:3)
  12 harpies
  9 necromancers
  9 cyclopes
  Maurice (D:10)
  7 orc sorcerers
  46 ugly things
  A manticore (shapeshifter) (Vaults:5)
  4 will-o-the-wisps
  A meliai (shapeshifter) (D:15)
  31 moths of wrath
  5 manticores
  9 salamanders
  An iron dragon skeleton (Crypt:1)
  4 kobold blastminers (Orc:2)
  6 guardian serpents
  39 black mambas
  16 vault sentinels
  3 eyes of devastation
  4 elephants (Lair:5)
  9 naga magi
  4 molten gargoyles (Desolation)
  An orange demon (D:14)
  4 gargoyles
  2 torpor snails (Lair:5)
  21 cane toads
  A dire elephant skeleton (Crypt:1)
  A rime drake (shapeshifter) (D:14)
  4 komodo dragons
  An alligator snapping turtle skeleton (Crypt:1)
  An efreet (D:12)
  14 freezing wraiths
  2 kobold demonologists
  An unseen horror zombie (Crypt:1)
  22 yaktaurs
  2 pale draconian skeletons
  3 rime drakes (Lair:3)
  3 swamp worm zombies (Swamp:4)
  5 hydra zombies (Swamp:4)
  A spectral skyshark (Lair:3)
  3 tengu conjurers
  A catoblepas skeleton (Crypt:1)
  A bunyip simulacrum (Crypt:3)
  A white draconian skeleton (Crypt:2)
  5 bloated husks
  2 polar bears (Lair:5)
  A queen bee (shapeshifter) (Vaults:5)
  A troll (shapeshifter) (D:13)
  6 tyrant leeches
  A tarantella (shapeshifter) (D:13)
  56 saltlings
  12 trolls
  3 harpy skeletons (Crypt:1)
  7 glass eyes
  8 hornets
  5 spectral swamp dragons (Swamp:4)
  27 blink frogs
  A spectral elephant (Lair:3)
  2 shadow dragon simulacra (Depths:2)
  A dream sheep (shapeshifter) (Vaults:5)
  6 dream sheep
  An air elemental (Elf:1)
  4 shadows (Crypt:3)
  2 spriggan zombies (Depths:2)
  102 slime creatures
  2 guardian serpent skeletons (Crypt:1)
  A fire giant simulacrum (Depths:2)
  12 wraiths
  A culicivora (Vaults:1)
  A shapeshifter (D:12)
  A yak (shapeshifter) (D:15)
  5 tyrant leech zombies (Swamp:4)
  8 wyverns
  2 vampires (D:12)
  A dire elephant simulacrum (Crypt:2)
  32 yaks
  10 basilisks
  6 golden eyes (Slime:5)
  A human (D:13)
  6 wargs
  A redback (Vaults:1)
  13 vampire mosquitoes
  3 fire elementals (D:14)
  A steam dragon (D:8)
  A spectral cane toad (Lair:3)
  A demonspawn zombie (Crypt:2)
  A small abomination (Crypt:3)
  A naga (shapeshifter) (D:12)
  23 nagas
  10 swamp worms
  2 swamp worms (shapeshifter)
  8 acid dragons
  3 hell hounds (D:14)
  16 water moccasins
  A deep troll skeleton (Crypt:1)
  2 swamp drakes (Swamp:4)
  2 spectral polar bears (Lair:3)
  47 orc warriors
  2 black bears
  35 laughing skulls
  3 ice beasts (Zot:5)
  A sky beast (D:7)
  2 swamp dragon zombies (Swamp:4)
  14 ogres
  A hog zombie (Crypt:1)
  6 boggarts
  16 wolves
  7 centaurs
  9 phantoms
  4 lemures (D:5)
  4 weeping skulls (Crypt:3)
  27 bullfrogs
  A fire crab zombie (Crypt:1)
  3 gnoll sergeants
  4 kobold brigands
  6 necrophages
  Blork the orc (D:5)
  2 earth elementals (Elf:1)
  6 scorpions
  A wyvern skeleton (Crypt:1)
  5 wights
  4 burial acolytes (Crypt:3)
  A shapeshifter zombie (Crypt:2)
  16 killer bees (D:9)
  5 electric eels
  6 howler monkeys
  28 orc priests
  2 hounds
  A jelly (D:6)
  A basilisk zombie (Crypt:1)
  2 gnoll boudas
  2 sleepcaps
  Jessica (D:3)
  4 iguanas
  30 orc wizards
  A hell rat (Lair:3)
  A boggart skeleton (Crypt:2)
  21 gnolls
  12 adders
  7 river rats (Lair:3)
  2 white imps
  An adder zombie (Crypt:2)
  An iguana zombie (Crypt:2)
  A jelly zombie (Crypt:2)
  3 dart slugs
  2 ribbon worms
  106 orcs
  13 ball pythons
  9 bats
  6 endoplasms
  6 giant cockroaches
  18 goblins
  24 hobgoblins
  5 jackals
  A quokka (D:3)
  5 frilled lizards
  A giant cockroach zombie (Crypt:1)
  A gnoll skeleton (Crypt:2)
  17 kobolds
  13 rats
  3 aspiring fleshes (Zot:5)
  A fire vortex (Zot:5)
2422 creatures vanquished.

Vanquished Creatures (collateral kills)
  A Killer Klown (Zot:5)
  An Orb Guardian (Zot:5)
  A death cob (Zot:5)
  An azure jelly (Slime:5)
  A moth of wrath (Zot:5)
  10 foxfires
15 creatures vanquished.

Vanquished Creatures (others)
  A black draconian (Zot:3)
  94 fire vortices
  2238 foxfires
2333 creatures vanquished.

Grand Total: 4770 creatures vanquished

Notes
Turn   | Place    | Note
-------+----------+-------------------------------------------
     0 | D:1      | oldriver the Deep Elf Fire Elementalist began the quest for
                  | the Orb.
     0 | D:1      | Reached XP level 1. HP: 10/10 MP: 6/6
     2 | D:1      | Noticed a merfolk
     2 | D:1      | Noticed a draconian
     4 | D:1      | Noticed a felid
     4 | D:1      | Noticed a vampire
     6 | D:1      | Noticed an armataur
     8 | D:1      | Noticed a barachi
     8 | D:1      | Noticed a human
    10 | D:1      | Noticed a minotaur
    10 | D:1      | Noticed a demigod
    12 | D:1      | Noticed a naga
    14 | D:1      | Noticed a formicid
    14 | D:1      | Noticed a spriggan
    16 | D:1      | Noticed an elf
    16 | D:1      | Noticed a vine stalker
    18 | D:1      | Noticed an octopode
    18 | D:1      | Noticed a gargoyle
    20 | D:1      | Noticed a djinni
    20 | D:1      | Noticed a tengu
    22 | D:1      | Noticed a ghoul
    22 | D:1      | Noticed a troll
    24 | D:1      | Noticed an oni
    26 | D:1      | Noticed a demonspawn
   284 | D:1      | Reached XP level 2. HP: 15/15 MP: 1/8
  1358 | D:1      | Reached XP level 3. HP: 20/20 MP: 7/10
  1607 | D:2      | Learned a level 2 spell: Scorch
  1611 | D:2      | Learned a level 3 spell: Volatile Blastmotes
  2120 | D:2      | Reached skill level 1 in Fighting
  2373 | D:2      | Reached skill level 4 in Spellcasting
  2633 | D:2      | Reached XP level 4. HP: 25/25 MP: 10/12
  2994 | D:3      | Learned a level 4 spell: Flame Wave
  3492 | D:3      | Noticed Jessica
  3500 | D:3      | Killed Jessica
  3501 | D:3      | Reached XP level 5. HP: 17/29 MP: 7/14
  3682 | D:3      | Found a faded altar of an unknown god.
  4050 | D:4      | Noticed a black bear
  4055 | D:4      | Killed a black bear
  4056 | D:4      | Reached skill level 5 in Spellcasting
  4095 | D:4      | Found a sacrificial altar of Ru.
  4180 | D:4      | Noticed a phantom
  4191 | D:4      | Killed a phantom
  4192 | D:4      | Reached XP level 6. HP: 35/35 MP: 9/16
  4329 | D:4      | Reached skill level 6 in Spellcasting
  4528 | D:4      | Found Feisoica's Serpentskin Sales.
  4560 | D:4      | Bought a +1 robe of poison resistance for 135 gold pieces
  4608 | D:4      | Found Vode's Armour Boutique.
  4742 | D:4      | Reached XP level 7. HP: 28/40 MP: 13/18
  5160 | D:4      | Found Xaudef's Magic Scroll Boutique.
  5168 | D:4      | Bought a scroll of fear for 56 gold pieces
  5179 | D:4      | Found Bireuh's Antique Weapon Boutique.
  5229 | D:4      | Reached skill level 7 in Spellcasting
  5665 | D:5      | Entered Level 5 of the Dungeon
  5676 | D:4      | Reached skill level 5 in Stealth
  5748 | D:5      | Reached skill level 1 in Translocations
  5925 | D:5      | Reached XP level 8. HP: 46/46 MP: 11/21
  5951 | D:5      | Noticed Blork the orc
  5960 | D:5      | Killed Blork the orc
  5961 | D:5      | Reached skill level 8 in Spellcasting
  6223 | D:5      | Reached skill level 5 in Fire Magic
  6310 | D:5      | Reached skill level 9 in Spellcasting
  6388 | D:5      | Noticed Pikel
  6399 | D:5      | Killed Pikel
  6400 | D:5      | Reached skill level 10 in Spellcasting
  6400 | D:5      | Reached XP level 9. HP: 52/52 MP: 8/25
  6430 | D:5      | Found a blossoming altar of Fedhas.
  6439 | D:5      | Found a stormy altar of Qazlal.
  6708 | D:6      | Noticed a two-headed ogre
  6902 | D:6      | Killed a two-headed ogre
  7074 | D:6      | Found a staircase to the Ecumenical Temple.
  7085 | Temple   | Entered the Ecumenical Temple
  7129 | D:6      | Reached skill level 5 in Dodging
  7129 | D:6      | Reached skill level 11 in Spellcasting
  7198 | D:6      | Found a shimmering blue altar of Sif Muna.
  7228 | D:6      | Reached skill level 5 in Fighting
  7366 | D:6      | Noticed a manticore
  7381 | D:6      | Killed a manticore
  7382 | D:6      | Reached skill level 5 in Conjurations
  7606 | D:6      | Reached XP level 10. HP: 59/59 MP: 16/27
  7652 | D:6      | Noticed a two-headed ogre
  7663 | D:6      | Killed a two-headed ogre
  8392 | D:7      | You fall into a shaft and drop 2 floors!
  8398 | D:9      | Found a runed translucent gate.
  8398 | D:9      | Found a runed translucent door.
  8398 | D:9      | Found a runed translucent gate.
  8476 | D:9      | Found a flagged portal.
  8495 | Bailey   | Entered a bailey
  9259 | Bailey   | Reached skill level 12 in Spellcasting
  9370 | Bailey   | Noticed an orc knight
  9380 | Bailey   | Killed an orc knight
  9383 | Bailey   | Identified the +9 short sword of Huitid {vamp, rPois Str+3}
  9439 | Bailey   | Noticed an orc knight
  9453 | Bailey   | Killed an orc knight
  9490 | Bailey   | Noticed an orc warlord
  9718 | Bailey   | Killed an orc warlord
  9719 | Bailey   | Reached XP level 11. HP: 44/66 MP: 12/29
 10085 | Bailey   | Identified a scroll of acquirement
 10085 | Bailey   | Acquired 394 gold pieces
 10192 | Bailey   | Reached XP level 12. HP: 71/71 MP: 30/30
 10298 | D:8      | Reached skill level 10 in Dodging
 10550 | D:7      | Identified the +1 ring mail of Lies {rF- rCorr Int+8 Dex-2}
 11188 | D:8      | Found a white marble altar of Elyvilon.
 11747 | D:8      | Found a glowing silver altar of Zin.
 12194 | D:4      | Bought a +0 pair of gloves of strength for 115 gold pieces
 12209 | D:4      | Bought a +1 hat for 110 gold pieces
 12464 | D:9      | Found a staircase to the Lair.
 12496 | D:9      | Found a snail-covered altar of Cheibriados.
 12546 | D:9      | Noticed a two-headed ogre
 12557 | D:9      | Killed a two-headed ogre
 12610 | D:9      | Reached skill level 13 in Spellcasting
 12664 | D:9      | Found a radiant altar of Vehumet.
 12672 | D:9      | Noticed a two-headed ogre
 12680 | D:9      | Killed a two-headed ogre
 12682 | D:9      | Became a worshipper of Vehumet
 13173 | D:10     | Entered Level 10 of the Dungeon
 13236 | Lair:1   | Entered Level 1 of the Lair of Beasts
 13516 | Lair:1   | Noticed a boulder beetle
 13552 | Lair:1   | Killed a boulder beetle
 14599 | Lair:2   | Reached * piety under Vehumet
 14599 | Lair:2   | Offered knowledge of Freeze by Vehumet.
 14600 | Lair:2   | Reached skill level 14 in Spellcasting
 14977 | Lair:2   | You fall into a shaft and drop 2 floors!
 15076 | Lair:3   | Reached XP level 13. HP: 78/78 MP: 26/33
 15167 | Lair:3   | Reached ** piety under Vehumet
 15168 | Lair:3   | Offered knowledge of Magic Dart by Vehumet.
 15307 | Lair:3   | Found a staircase to the Snake Pit.
 15959 | Lair:2   | Reached skill level 10 in Conjurations
 16099 | Lair:2   | Offered knowledge of Momentum Strike by Vehumet.
 16103 | Lair:2   | Reached skill level 15 in Spellcasting
 16507 | Lair:3   | Reached *** piety under Vehumet
 16715 | Lair:2   | Learned a level 7 spell: Orb of Destruction
 16987 | Lair:3   | Offered knowledge of Stone Arrow by Vehumet.
 16996 | Lair:3   | Learned a level 3 spell: Stone Arrow
 17166 | Lair:3   | Noticed Snorg
 18449 | Lair:4   | Reached **** piety under Vehumet
 18489 | Lair:5   | Entered Level 5 of the Lair of Beasts
 18500 | Lair:5   | Offered knowledge of Sticky Flame by Vehumet.
 18504 | Lair:5   | Reached skill level 16 in Spellcasting
 18504 | Lair:5   | Reached XP level 14. HP: 64/86 MP: 30/36
 18818 | Lair:4   | Found a viscous altar of Jiyva.
 18818 | Lair:4   | Found a staircase to the Slime Pits.
 19515 | Lair:5   | Learned a level 6 spell: Starburst
 19522 | Lair:4   | Learned a level 4 spell: Iskenderun's Mystic Blast
 20297 | Lair:5   | Noticed Rupert
 20302 | Lair:5   | Killed Rupert
 20925 | Lair:5   | Identified the +2 plate armour "Hoaxtej" {Int+2}
 21491 | Lair:5   | Identified the ring of Due Proportion {Fire Dex+4}
 22093 | Lair:3   | Killed Snorg
 22094 | Lair:3   | Reached skill level 10 in Fighting
 22738 | Lair:3   | Found a staircase to the Swamp.
 23051 | D:10     | Noticed Maurice
 23058 | D:10     | Killed Maurice
 23566 | D:10     | Reached skill level 10 in Stealth
 23930 | D:11     | Reached ***** piety under Vehumet
 23930 | D:11     | Offered knowledge of Fireball by Vehumet.
 24024 | D:11     | Reached skill level 1 in Shields
 24099 | D:11     | Found a staircase to the Orcish Mines.
 24544 | D:11     | Reached skill level 17 in Spellcasting
 25287 | D:12     | Learned a level 5 spell: Fireball
 25468 | D:12     | Reached XP level 15. HP: 92/92 MP: 2/38
 26354 | D:12     | Identified the +9 rapier of Fragile Peace {antimagic,
                  | ^Fragile rPois Str+7}
 26644 | D:12     | Identified the +0 cloak of Muttered Phrases {rC+ Regen+}
 27150 | Orc:1    | Entered Level 1 of the Orcish Mines
 27415 | Orc:1    | You fall into a shaft and drop 1 floor!
 27415 | Orc:2    | Entered Level 2 of the Orcish Mines
 27427 | Orc:2    | Found a staircase to the Elven Halls.
 27621 | Orc:2    | Offered knowledge of Freezing Cloud by Vehumet.
 27639 | Orc:2    | Reached skill level 18 in Spellcasting
 28245 | Orc:2    | Found Aggenel's Antique Weapon Shop.
 28250 | Orc:2    | Found Iqugi's Jewellery Shoppe.
 28256 | Orc:2    | Found Bowy's General Store.
 28258 | Orc:2    | Found Goolylia's Antique Weapon Shop.
 28314 | Orc:2    | Bought an iridescent mace for 240 gold pieces
 28314 | Orc:2    | Identified the +6 mace of Eternal Vigilance {flame, rPois
                  | rN++ Str+3 Stlth+} (You bought it in a shop on level 2 of
                  | the Orcish Mines)
 28338 | Orc:2    | Bought a potion of curing for 51 gold pieces
 28338 | Orc:2    | Bought a potion of brilliance for 68 gold pieces
 28340 | Orc:2    | Bought a pitted scimitar for 261 gold pieces
 28340 | Orc:2    | Identified the +3 scimitar of Deformation {drain, rF+
                  | Int+3} (You bought it in a shop on level 2 of the Orcish
                  | Mines)
 28588 | Orc:1    | Noticed Urug
 28590 | Orc:1    | Killed Urug
 29498 | D:13     | Found a portal to a secret trove of treasure.
 29839 | D:13     | Found a gate to the Vaults.
 30225 | D:14     | Noticed Azrael
 30234 | D:14     | Killed Azrael
 30234 | D:14     | Offered knowledge of Conjure Ball Lightning by Vehumet.
 30235 | D:14     | Reached skill level 19 in Spellcasting
 30532 | D:14     | Reached XP level 16. HP: 100/100 MP: 36/41
 30891 | D:15     | Entered Level 15 of the Dungeon
 31046 | D:15     | Reached skill level 10 in Fire Magic
 31552 | D:15     | Found a staircase to the Depths.
 31738 | D:15     | Found a blossoming altar of Fedhas.
 31995 | D:15     | Reached skill level 20 in Spellcasting
 32603 | Swamp:1  | Entered Level 1 of the Swamp
 33368 | Swamp:2  | Reached ****** piety under Vehumet
 33659 | Swamp:2  | Offered knowledge of Ozocubu's Refrigeration by Vehumet.
 33791 | Swamp:2  | Identified the +4 rapier of Ascent {vamp, rElec rC++}
 34733 | Swamp:4  | Entered Level 4 of the Swamp
 34745 | Swamp:4  | Reached skill level 21 in Spellcasting
 34877 | Swamp:4  | Reached XP level 17. HP: 59/106 MP: 28/44
 35146 | Swamp:4  | Noticed Donald
 35151 | Swamp:4  | Killed Donald
 35771 | Swamp:4  | Reached skill level 15 in Dodging
 35864 | Swamp:4  | Noticed a bone dragon
 36058 | Swamp:4  | Killed a bone dragon
 36254 | Swamp:4  | Got a decaying rune of Zot
 36267 | Swamp:4  | Learned a level 6 spell: Bombard
 36372 | Snake:1  | Entered Level 1 of the Snake Pit
 36381 | Snake:1  | Reached skill level 15 in Conjurations
 36628 | Snake:1  | Offered knowledge of Arcjolt by Vehumet.
 37001 | Snake:1  | Found Feutoduu's Jewellery Boutique.
 37145 | Snake:1  | Found Soagufre's Assorted Antiques.
 37148 | Snake:1  | Found Canick's Jewellery Boutique.
 37440 | Snake:1  | Identified the ring "Mifid" {rC++ Will- SInv}
 38156 | Snake:2  | Found a burning altar of Makhleb.
 38185 | Snake:2  | Reached skill level 22 in Spellcasting
 38685 | Snake:2  | Reached skill level 1 in Earth Magic
 39433 | Snake:3  | Found Lutz's Armour Shoppe.
 39447 | Snake:3  | Found Myuniwy's Magic Scroll Emporium.
 39483 | Snake:3  | Bought a scroll of teleportation for 57 gold pieces
 39483 | Snake:3  | Bought a scroll of teleportation for 57 gold pieces
 39483 | Snake:3  | Bought a scroll of teleportation for 57 gold pieces
 39483 | Snake:3  | Bought a scroll of fear for 76 gold pieces
 39525 | Snake:3  | Found Wuaniy's Assorted Antiques.
 39535 | Snake:3  | Bought a potion of curing for 87 gold pieces
 39803 | Snake:3  | Reached skill level 5 in Armour
 39803 | Snake:3  | Reached XP level 18. HP: 112/112 MP: 32/46
 40026 | Snake:3  | Found Fafyet's Antique Armour Emporium.
 40033 | Snake:3  | Bought a pair of dazzling gloves for 275 gold pieces
 40033 | Snake:3  | Identified the +3 pair of gloves of Limitation {*Corrode
                  | rF+++ Will+ Dex+5} (You bought it in a shop on level 3 of
                  | the Snake Pit)
 40033 | Snake:3  | Bought a translucent robe for 165 gold pieces
 40033 | Snake:3  | Identified the +0 robe of True Grit {Dex+3 Slay+3 Archmagi}
                  | (You bought it in a shop on level 3 of the Snake Pit)
 40270 | Snake:3  | Got the Essays on the Tundra and Breccia
 40448 | Snake:3  | Found Myimem's Book Shop.
 40595 | Snake:4  | Entered Level 4 of the Snake Pit
 40598 | Snake:4  | Reached skill level 5 in Shields
 40671 | Snake:4  | Offered knowledge of Lee's Rapid Deconstruction by Vehumet.
 40786 | Snake:4  | Identified the +1 quarterstaff of Azefaar {holy, Will-
                  | Str+2 Dex+3 SInv}
 42183 | Snake:4  | Got a serpentine rune of Zot
 42377 | Snake:1  | Bought a glowing helmet for 277 gold pieces
 42377 | Snake:1  | Bought a potion of curing for 111 gold pieces
 42725 | Vaults:1 | Entered Level 1 of the Vaults
 43035 | Vaults:1 | Found a crumbling gateway.
 43063 | Desolati | Entered the Desolation of Salt
 43235 | Desolati | Reached skill level 23 in Spellcasting
 43423 | Desolati | Offered knowledge of Eringya's Noxious Bog by Vehumet.
 43434 | Desolati | Identified the ring "Vivuysun" {rElec rC- Str+3 SInv}
 43943 | Desolati | Got the Textbook on Misfortune and the Retinue
 43947 | Desolati | Got Cerebov's Folio of Calefaction
 43958 | Desolati | Identified the +7 flail "Anih" {speed, *Slow rN+++ Will+
                  | Stlth-}
 43967 | Desolati | Got the Notes on Chilly Beguiling
 44014 | Desolati | Reached XP level 19. HP: 120/120 MP: 40/48
 44495 | Desolati | Identified the +2 robe "Bajaod" {-Cast Regen+ SInv}
 44501 | Desolati | Got the Tome of Grit
 44652 | Desolati | Got the Octavo of Ironbound Clouds
 44655 | Desolati | Got the Discursus on Battling and the Gang
 44671 | Desolati | Identified the +0 helmet of Lilacs {Fly rN+ Will- SInv}
 45136 | Vaults:1 | Found Goroj's Antique Weapon Emporium.
 45168 | Vaults:1 | Offered knowledge of Lehudib's Crystal Spear by Vehumet.
 45168 | Vaults:1 | Offered knowledge of Fire Storm by Vehumet.
 45168 | Vaults:1 | Offered knowledge of Polar Vortex by Vehumet.
 45320 | Vaults:1 | Learned a level 8 spell: Ignition
 45330 | Vaults:1 | Learned a level 9 spell: Fire Storm
 45925 | Vaults:2 | Reached skill level 24 in Spellcasting
 46066 | Vaults:2 | Found a staircase to the Crypt.
 46066 | Vaults:2 | Found an ancient bone altar of Kikubaaqudgha.
 46067 | Vaults:2 | Found a basalt altar of Yredelemnul.
 46295 | Vaults:2 | Found Husaod's Book Emporium.
 46436 | Vaults:2 | Noticed Jory
 46463 | Vaults:2 | Killed Jory
 48343 | Vaults:3 | Reached XP level 20. HP: 128/128 MP: 34/50
 48610 | Vaults:3 | Reached skill level 25 in Spellcasting
 48773 | Vaults:3 | You fall into a shaft and drop 1 floor!
 50633 | Depths:1 | Entered Level 1 of the Depths
 50633 | Depths:1 | Found a one-way gateway to a ziggurat.
 50806 | Depths:1 | Found Wiotzoj's Book Boutique.
 50809 | Depths:1 | Found Cimac's Book Shop.
 50809 | Depths:1 | Found Poydgh's Armour Boutique.
 50814 | Depths:1 | Found Kyozuoqufu's Antique Weapon Shop.
 50820 | Depths:1 | Bought a brightly glowing broad axe for 297 gold pieces
 50820 | Depths:1 | Identified the +4 broad axe of Cheibriados, Charming
                  | {drain, rF++ Stlth+} (You bought it in a shop on level 1 of
                  | the Depths)
 50889 | Depths:1 | Noticed Norris
 50896 | Depths:1 | Killed Norris
 50898 | Depths:1 | Noticed Saint Roka
 50936 | Depths:1 | Reached skill level 26 in Spellcasting
 50948 | Depths:1 | Reached skill level 15 in Fighting
 51158 | Depths:1 | Found a gateway to Hell.
 51295 | Depths:1 | Killed Saint Roka
 51444 | Depths:1 | Found a glowing golden altar of the Shining One.
 51970 | Depths:2 | Found a one-way gate to the infinite horrors of the Abyss.
 52167 | Depths:2 | Identified the +2 scimitar "Fyrid" {venom, rN+ rCorr}
 52510 | Depths:2 | Found a one-way gate leading to the halls of Pandemonium.
 52815 | Depths:2 | Reached skill level 15 in Fire Magic
 52939 | Depths:2 | Reached XP level 21. HP: 71/135 MP: 38/53
 53836 | Depths:2 | Noticed a caustic shrike
 53849 | Depths:2 | Noticed a caustic shrike
 53855 | Depths:2 | Killed a caustic shrike
 53900 | Depths:2 | Noticed a juggernaut
 53916 | Depths:2 | Killed a juggernaut
 54162 | Elf:1    | Entered Level 1 of the Elven Halls
 54385 | Elf:1    | Reached skill level 27 in Spellcasting
 54865 | Elf:1    | Found a transporter.
 54870 | Elf:1    | Noticed Lightli's ghost (journeyman DgSh)
 54873 | Elf:1    | Found a transporter.
 55066 | Elf:1    | Noticed Zenata
 55078 | Elf:1    | Killed Zenata
 55439 | Elf:1    | Found a bloodstained altar of Trog.
 55685 | Depths:2 | Noticed a caustic shrike
 55688 | Depths:2 | Noticed a caustic shrike
 55689 | Depths:2 | Noticed a caustic shrike
 56054 | Depths:2 | Killed a caustic shrike
 56057 | Depths:2 | Killed a caustic shrike
 56058 | Depths:2 | Killed a caustic shrike
 56060 | Depths:2 | Killed a caustic shrike
 56169 | Depths:2 | Noticed a golden dragon
 56320 | Depths:2 | Killed a golden dragon
 57037 | Crypt:1  | Entered Level 1 of the Crypt
 58836 | Crypt:1  | Reached XP level 22. HP: 143/143 MP: 45/55
 59604 | Crypt:1  | Identified the +1 glaive of Oily Resourcefulness {pain,
                  | ^Drain rPois rC+ rN+}
 59950 | Crypt:1  | Identified the +1 leather armour of Privacy {Rampage rC+
                  | rCorr Str+3}
 60178 | Crypt:1  | Identified the +4 dagger of Fundamental Breach {freeze, rF-
                  | Str+5 Dex-2 Stlth+}
 60513 | Crypt:1  | Identified the +11 flail of Blood-Lust {holy, *Corrode
                  | +Blink Dex+6 Stlth+}
 61228 | Crypt:2  | Identified the +5 arbalest "Hovyhaer" {freeze, Str+2}
 61362 | Crypt:2  | Identified the +7 shortbow of the Thing {flame, rPois rC+
                  | rN+ Int+3}
 62159 | Crypt:3  | Entered Level 3 of the Crypt
 62570 | Crypt:3  | Identified the +0 robe of Erixit {rCorr Dex-5 Stlth+}
 62845 | Crypt:3  | Found a basalt altar of Yredelemnul.
 63472 | Crypt:3  | Identified the amulet "Kalife" {Regen+ Dex+6 SInv}
 63472 | Crypt:3  | Identified the ring of Zaefrios {rC+ rN+ Str+3 Dex+3 SInv}
 63472 | Crypt:3  | Identified the ring of Vamon {^Contam rN+ rCorr Str-4
                  | Stlth+}
 63480 | Crypt:3  | Identified the +0 helmet of Vynes {rElec rC++ Regen+}
 63932 | D:4      | Bought a scroll of enchant armour for 105 gold pieces
 63932 | D:4      | Bought a scroll of revelation for 105 gold pieces
 63932 | D:4      | Bought a scroll of teleportation for 42 gold pieces
 63932 | D:4      | Bought a scroll of enchant armour for 105 gold pieces
 63932 | D:4      | Bought a scroll of revelation for 105 gold pieces
 63932 | D:4      | Bought a scroll of amnesia for 56 gold pieces
 64780 | Crypt:3  | Found a staircase to the Tomb.
 64899 | Crypt:3  | Identified the ring "Jarchoxi" {rF+++ Will+ MP+9 Int-5}
 64901 | Crypt:3  | Identified the +0 robe "Curaem" {*Corrode rF+++ Int+8}
 64967 | Crypt:3  | Got the Compendium of Malignant Mysteries
 66053 | Depths:3 | Found a broken altar of Ashenzari.
 66105 | Depths:3 | Found an ancient bone altar of Kikubaaqudgha.
 66599 | Depths:3 | Noticed a golden dragon
 66603 | Depths:3 | Killed a golden dragon
 66604 | Depths:3 | Reached XP level 23. HP: 150/150 MP: 43/56
 66785 | Depths:3 | Noticed a caustic shrike
 66792 | Depths:3 | Killed a caustic shrike
 66987 | Depths:3 | Found the +10 zealot's sword {holy, Zealotry, *Rage rN+
                  | EV+3}
 67079 | Depths:3 | Identified the staff "Luxtua" {Fly rElec rF+ Will- Dex+8
                  | Fire}
 67338 | Depths:4 | Entered Level 4 of the Depths
 67546 | Depths:4 | Found Arphaovvu's Armour Shop.
 68735 | Depths:4 | Found a hazy altar of Hepliaklqana.
 69107 | Depths:4 | Found a gate to the Realm of Zot.
 69504 | Vaults:5 | Entered Level 5 of the Vaults
 69554 | Vaults:5 | Noticed an ancient lich
 69558 | Vaults:5 | Killed an ancient lich
 69559 | Vaults:5 | Reached XP level 24. HP: 159/159 MP: 53/56
 69601 | Vaults:5 | Reached skill level 10 in Armour
 70325 | Vaults:5 | Identified the +8 ring mail of Darkness {rElec rF- Regen+
                  | Int+4}
 70394 | Vaults:5 | Noticed an ancient lich
 70399 | Vaults:5 | Killed an ancient lich
 70566 | Vaults:5 | Identified the +9 scimitar of the Old World {spect, Str+3
                  | Int+6 Stlth+}
 70648 | Vaults:5 | Got a silver rune of Zot
 70873 | Vaults:5 | Identified the +1 orcbow of Xehuuvu {heavy, rN+ MP+9 Dex+3
                  | SInv}
 70891 | Vaults:5 | Identified the ring "Ylaerr" {^Drain rElec rF+ rN+}
 70933 | Vaults:5 | Identified the +7 quarterstaff of Wrongful Imprisonment
                  | {venom, ^Contam rElec rN+++ rCorr}
 71345 | Vaults:5 | Identified the amulet of Fuiraff {Regen+ Stlth+}
 71432 | Vaults:5 | Identified the ring of Oraopoyl {Wiz rElec Str+6 Int+2
                  | Dex-4}
 71558 | Vaults:5 | Acquired the +7 Kryia's mail coat {PotionHeal*2 rC+}
 71558 | Vaults:5 | Found the +7 Kryia's mail coat {PotionHeal*2 rC+}
 72164 | Zot:1    | Entered Level 1 of the Realm of Zot
 72779 | Zot:1    | Identified the maw talisman of Teisk {rElec rF+ rCorr}
 74312 | Slime:1  | Entered Level 1 of the Pits of Slime
 74605 | Slime:2  | Gained mutation: You are clumsy. (Dex -2) [a shining eye]
 75042 | Slime:3  | Paralysed by a formless jellyfish for 1 turns
 75530 | Slime:4  | Gained mutation: You are somewhat resistant to further
                  | mutation. [a shining eye]
 75574 | Slime:4  | Reached XP level 25. HP: 168/168 MP: 11/56
 76321 | Slime:5  | Entered Level 5 of the Pits of Slime
 76514 | Slime:5  | Noticed the Royal Jelly
 76518 | Slime:5  | Killed the Royal Jelly
 76804 | Slime:5  | Found the ring of the Tortoise {AC+8}
 76848 | Slime:5  | Identified the +2 pair of boots "Lumauta" {*Corrode rF+
                  | Slay+2}
 76999 | Slime:5  | Identified the amulet "Deing" {Spirit *Slow rN+ Int+2}
 77016 | Slime:5  | Got a slimy rune of Zot
 77025 | Slime:5  | Identified the +9 great sword of Bacvy {antimagic, rF+}
 77043 | Slime:5  | Identified the +1 robe "Agoareho" {Int+3 Dex+4}
 77166 | Slime:5  | Identified the +2 long sword "Hugop" {heavy, rF+ rC++ Dex+3
                  | SInv Stlth+}
 77262 | Slime:5  | Identified the +0 chain mail of Generosity {Will+ Stlth+}
 79604 | Zot:3    | Noticed Grunn
 79663 | Zot:3    | Noticed Vv
 79675 | Zot:2    | Killed Vv
 79742 | Zot:3    | Noticed a Killer Klown
 79745 | Zot:3    | Killed a Killer Klown
 79894 | Zot:3    | Killed Grunn
 80407 | Zot:3    | Identified the +5 great mace of Nazam {flame, Will+}
 81635 | Zot:4    | Noticed a Killer Klown
 81637 | Zot:4    | Killed a Killer Klown
 81839 | Zot:5    | Entered Level 5 of the Realm of Zot
 81983 | Zot:5    | Reached XP level 26. HP: 179/179 MP: 27/56
 82996 | Zot:5    | Noticed an ancient lich
 82998 | Zot:5    | Killed an ancient lich
 83366 | Zot:5    | Noticed an orb of fire
 83578 | Zot:5    | Killed an orb of fire
 83982 | Zot:5    | Noticed an orb of fire
 83991 | Zot:5    | Gained mutation: You are very clumsy. (Dex -4) [an orb of
                  | fire]
 83999 | Zot:5    | Killed an orb of fire
 84003 | Zot:5    | Noticed an orb of fire
 84010 | Zot:5    | Killed an orb of fire
 84359 | Zot:5    | Noticed an orb of fire
 84363 | Zot:5    | Noticed an orb of fire
 84365 | Zot:5    | Killed an orb of fire
 84366 | Zot:5    | Noticed an orb of fire
 84506 | Zot:4    | Killed an orb of fire
 84580 | Zot:5    | Killed an orb of fire
 85651 | Zot:5    | Got the Orb of Zot
 86231 | D:$      | Escaped with the Orb!

Illustrated notes

Levels and vault maps discovered:
D:1:      kb_arrival_jail, layout_basic
D:2:      layout_basic, minmay_octomino_e4
D:3:      layout_loops_ring, hellmonk_ecumenical_altar_heavens_door,
          kennysheep_jessica_study
D:4:      minmay_recursive_quarters, layout_layer_cave,
          mainiacjoe_overflow_alcove_1, serial_shops,
          nicolae_shop_rolling_square, nicolae_shop_just_a_little_nook,
          nicolae_inconvenience_store, guppyfry_shop_venom
D:5:      layout_gridville, grunt_temple_overflow_forces_of_nature,
          sword_in_stone, uniq_pikel
D:6:      layout_loops_ring, hellmonk_sif_muna_bookshelves,
          minmay_temple_entry_overgrown, hangedman_minor_gate_pass
D:7:      layout_rooms, nrook_pool_corridor
D:8:      layout_loops_corners, zin_treasury, lemuel_crystal_altar
D:9:      gammafunk_indiana_jones, layout_stronghold, vehumet_crystals,
          lemuel_crystal_altar, dpeg_oklobed_lair, enter_bailey_4
D:10:     nzn_motion_control, layout_loops_ring, uniq_maurice
D:11:     layout_long_grid, david_orc_5
D:12:     minmay_the_grid_square_5x5_4x4_mashed
          [minmay_the_grid_square_5x5_hollow_slash,
          minmay_the_grid_square_5x5_inner_z,
          minmay_the_grid_square_5x5_trominoes,
          minmay_the_grid_square_5x5_three_small,
          minmay_the_grid_square_5x5_inner_v,
          minmay_the_grid_square_5x5_prize_junk,
          minmay_the_grid_square_5x5_prize_itemx,
          minmay_the_grid_square_5x5_half_checkered,
          minmay_the_grid_square_5x5_tie,
          minmay_the_grid_square_5x5_prize_deathbox,
          minmay_the_grid_square_5x5_prize_gold,
          minmay_the_grid_square_5x5_bridge, minmay_the_grid_square_5x5_c,
          minmay_the_grid_square_5x5_mess,
          minmay_the_grid_square_5x5_intrusive_squares,
          minmay_the_grid_square_5x5_longway], layout_basic
D:13:     layout_stronghold, hellmonk_vaults_keyhole, enter_trove_5,
          lemuel_flamethrower_2
D:14:     layout_stronghold, nicolae_fountain_basement, uniq_azrael
D:15:     hangedman_depths_entry_civil_slaughter, layout_loops_corners,
          fedhas_altar_1, grunt_potential
Temple:   nicolae_temple_two_arcs
Lair:1:   layout_chaotic_city, infiniplex_staircase_pool
Lair:2:   layout_regular_city, nicolae_volcano_entry_batcave
Lair:3:   regret_index_malice_mire, layout_small_grid,
          nicolae_swamp_entry_spooky, minmay_snake_entry_six_corridors,
          st_stairs_5, kennysheep_abandoned_house, uniq_snorg
Lair:4:   layout_cave_shapes, dpeg_slime_entry_corner,
          chequers_serial_rivers_room_a
Lair:5:   minmay_lair_end_frog_pond, layout_small_grid, minmay_shattered_shrine,
          serial_bayou_shore_b, uniq_rupert
Swamp:1:  layout_falls_marsh, nicolae_swamp_fairy_circle
Swamp:2:  layout_basic_swamp, nicolae_swamp_small_spring
Swamp:3:  layout_basic_swamp, nicolae_swamp_well_well_well, swamp_pool_1_2
Swamp:4:  swamp_pestilence, layout_basic_swamp, uniq_donald
Snake:1:  layout_honeycomb, grunt_megastairs_2, minmay_shop_star,
          serial_bayou_shore_b
Snake:2:  layout_grid_maze, basic_altar, nicolae_snake_snake_lake,
          nicolae_triple_integral
Snake:3:  layout_gridlike, serial_shops, shop, nicolae_shop_statue_plus, shop,
          nicolae_shop_stone, shop, serial_library_regret_index_headful
Snake:4:  hellmonk_snake_rune_quicksilver_temple, layout_basic,
          serial_bayou_pond_e, serial_bayou_pond_e, hangedman_snake_pattern,
          serial_bayou_shore_a
Slime:1:  layout_caves
Slime:2:  layout_caves, nicolae_slime_round_cave
Slime:3:  layout_caves
Slime:4:  cheibrodos_slime_lost_civilization_3, layout_caves,
          cheibrodos_slime_lost_civilization_7
Slime:5:  slime_pit_nicolae_amoeboid
Orc:1:    layout_caves, kennysheep_orc_chapel, uniq_urug
Orc:2:    st_orc_elflike, layout_diamond_mine, nicolae_orc_tapped_out
Elf:1:    eino_elf_arrival_shootout, layout_geoelf_grid,
          gammafunk_ghost_wrathful_warriors, kennysheep_underground_church,
          minmay_strange_pillars, chequers_hall_statues_corner_a, uniq_zenata
Vaults:1: portal_desolation_entry_salt, vaults_room_octagon,
          ontoclasm_vaults_chip, nicolae_vaults_display_case,
          hangedman_vaults_maws, nicolae_vaults_trapezoid_lopsided_4,
          v_pattern_3, nicolae_vaults_diagonal_hallway_8,
          hangedman_vaults_slice, vaults_dpeg_emergency_exit,
          nicolae_vaults_storage_closets_3, nicolae_vaults_wrenched,
          nicolae_vaults_storage_room_doors, nicolae_vaults_trapezoid_4,
          nicolae_vaults_trapezoid_3, nicolae_vaults_tetromino_L_2,
          layout_vaults_maze, serial_shops, shop
Vaults:2: nicolae_vaults_arrows, minmay_crypt_entry_necro_gods, v_alt_pattern_6,
          v_misc_16, hangedman_vaults_snaps, ontoclasm_vaults_fault,
          nicolae_vaults_tetromino_Z_2, layout_vaults_omnigrid, serial_shops,
          shop, uniq_jory
Vaults:3: vaults_room_hallway, v_rooms_4, ontoclasm_vaults_shuriken,
          nicolae_vaults_circle_grid_b, vaults_room_boxed,
          nicolae_vaults_offset_grid_hallway_2, vaults_standard_mumra_x,
          layout_vaults_omnibox
Vaults:4: nicolae_vaults_security_offices_3, vaults_room_grid, v_misc_25,
          ontoclasm_vaults_decontamination, vaults_dpeg_ring,
          ontoclasm_vaults_idyll, hangedman_vaults_capsules,
          vaults_room_door_ring, nicolae_vaults_mitosis, v_misc_5, v_misc_5,
          nicolae_vaults_house_1, layout_vaults_big_room
Vaults:5
Crypt:1:  nicolae_crypt_knochenhaus, layout_chaotic_city,
          grunt_crypt_arrival_webbed
Crypt:2:  layout_chaotic_city
Crypt:3:  grunt_crypt_end_deaths_head
Depths:1: layout_gridlike, enter_ziggurat_f, serial_corexii_hall,
          corexii_hall_statues_l, corexii_hall_statues_i, hell_entry, tso_altar,
          minmay_shoptagon, uniq_norris, uniq_saint_roka
Depths:2: grunt_runaround [grunt_runaround_loot, grunt_runaround_doors_1,
          grunt_runaround_doors_2, grunt_runaround_doors_3,
          grunt_runaround_doors_4], hell_entry, pan_entry, abyss_entry
Depths:3: minmay_box_of_curves, layout_gridlike, hangedman_abyss_entry_splay,
          grunt_hell_entry_dis_grunt, grunt_pan_entry_spiral,
          nicolae_kikubaaqudgha_miasma_corner, nicolae_ashenzari_skybound
Depths:4: grunt_zot_entry_gee_three, layout_gridlike, abyss_entry_crystal,
          pf_hell_entry_great_geh, serial_shops, shop,
          nicolae_hepliaklqana_hazy_memory, pan_entry, minmay_misc_feat_rugged
Zot:1:    kennysheep_room_grid, layout_twisted_circle,
          regret_index_zotdec_bone_old, hangedman_zot_decor_checkerboard,
          grunt_megastairs_3
Zot:2:    layout_concentric_octagons, hangedman_zot_decor_tridents,
          regret_index_zotdec_plus
Zot:3:    layout_misc_corridors, uniq_vv, uniq_grunn
Zot:4:    layout_gridville, regret_index_zotdec_misc_clamp
Zot:5:    layout_misc_corridors

Skill      XL: |  1  2  3  4  5  6  7  8  9 10 11 12 13 14 15 16 17 18 19 20 21 22 23 24 25 26 |
---------------+-------------------------------------------------------------------------------+-----
Fighting       | 1 2 3 4 5 6 8 9 10 11 12 13 14 15 16 17 18 20 21 23 | 23.4
Dodging        | 3 4 5 7 9 11 12 13 14 15 16 17 18 19 20 | 20.0
Stealth        | 3 4 5 6 9 10 | 10.0
Spellcasting   | 4 5 6 7 10 11 12 14 16 17 19 21 22 23 24 26 27 | 27.0
Conjurations   | 2 3 4 5 7 9 12 13 14 15 16 18 19 20 21 22 | 22.0
Fire Magic     | 4 5 7 8 9 11 12 15 16 17 18 19 21 22 | 22.0
Translocations | 1 2 4 |  4.0
Armour         | 4 5 6 7 8 9 10 | 10.0
Shields        | 1 4 5 |  5.0
Earth Magic    | 2 4 |  4.0

Action                     |  1- 3 |  4- 6 |  7- 9 | 10-12 | 13-15 | 16-18 | 19-21 | 22-24 | 25-27 || total
---------------------------+-------+-------+-------+-------+-------+-------+-------+-------+-------++-------
  Melee: Unarmed           |       |       |     5 |       |       |       |       |       |       ||     5
         Short sword       |       |       |       |     3 |     8 |       |       |       |       ||    11
         Punch             |       |       |       |     1 |       |       |       |       |       ||     1
         Mace              |       |       |       |       |       |    16 |     1 |       |     3 ||    20
  Throw: Dart              |       |       |       |     4 |       |       |       |       |       ||     4
         Throwing net      |       |       |       |       |     1 |       |       |       |       ||     1
   Cast: Foxfire           |   142 |   132 |   214 |   486 |   355 |       |       |       |       ||  1329
         Scorch            |     5 |    25 |    70 |   111 |    62 |       |       |       |       ||   273
         Volatile Blastmot |       |       |     3 |     8 |    12 |       |     1 |       |       ||    24
         Flame Wave        |       |       |     2 |    37 |    44 |       |       |       |       ||    83
         Stone Arrow       |       |       |       |       |    31 |       |       |       |       ||    31
         Orb of Destructio |       |       |       |       |   102 |    63 |    46 |    61 |    32 ||   304
         Starburst         |       |       |       |       |    74 |    29 |    69 |    16 |     1 ||   189
         Iskenderun's Myst |       |       |       |       |    56 |    70 |   127 |   123 |    48 ||   424
         Fireball          |       |       |       |       |   263 |   609 |   593 |   606 |     5 ||  2076
         Bombard           |       |       |       |       |       |    39 |   115 |   157 |    70 ||   381
         Ignition          |       |       |       |       |       |       |    33 |   140 |   216 ||   389
         Fire Storm        |       |       |       |       |       |       |       |     6 |   131 ||   137
  Evoke: Wand              |       |       |       |    10 |     1 |     3 |     8 |       |     1 ||    23
         Tin of tremorston |       |       |       |       |       |       |     1 |     2 |       ||     3
    Use: Scroll            |       |     9 |     1 |    12 |    13 |    11 |     3 |     4 |     6 ||    59
         Potion            |       |       |       |     2 |     2 |     6 |     5 |     3 |     4 ||    22
 Armour: Robe              |     2 |    14 |    33 |    11 |       |       |       |       |       ||    60
         Acid dragon scale |       |       |       |    43 |   151 |    87 |    82 |    93 |   108 ||   564
         Ice dragon scales |       |       |       |       |       |       |    37 |    32 |       ||    69
         Leather armour    |       |       |       |       |       |       |       |    21 |       ||    21
  Dodge: Dodged            |     6 |     7 |    25 |    83 |   145 |   112 |   139 |   134 |    94 ||   745
  Block: Buckler           |       |       |       |       |     6 |    30 |    42 |    38 |    19 ||   135
